 Dungeon Crawl Stone Soup version 0.31.0-2-g5a2aebc5c2 (webtiles) character file.

Game seed: 9307980116058488508

2758913 SnakkuSnakku7 the Formicid Barricade (level 27, 70/243 (249) HPs)
             Began as a Formicid Cinder Acolyte on Jan 20, 2024.
             Was a Believer of Ignis.
             Escaped with the Orb
             ... and 3 runes
             ... and 7 gems!
             The game lasted 01:55:40 (46276 turns).

SnakkuSnakku7 the Formicid Barricade (FoCA)        Turns: 46276, Time: 01:55:40

HP:   70/243 (249)  AC: 49    Str: 34      XL:     27
MP:   24/24         EV: 13    Int: 13 (14) God:    Ignis [**....]
Gold: 5724          SH: 28    Dex: 17      Spells: 28/28 levels left

rFire   + + +        a - +9 great mace (freeze)
rCold   + + +        T - +2 tower shield
rNeg    . . .        h - +5 crystal plate armour {rC+}
rPois   +            (helmet unavailable)
rElec   +            X - +0 cloak "Gaeph" {-Tele Rampage rPois rF+++}
rCorr   .            j - +1 pair of gloves "Horoustra" {rC++ Str+2}
SInv    +            g - +2 pair of boots
Will    +++..        f - amulet of regeneration Stlth
                     O - ring "Jigen" {Will+ AC+4 Str-3 Dex+3}
HPRegen 1.40/turn    F - ring of Xom's Entertainment {Fly rElec Str+4 Dex+3}
MPRegen 0.19/turn

%: clarity, rampage
@: flying, studying 2 skills, lightly drained
A: permanent stasis, dig shafts and tunnels, antennae 3, four strong arms,
clarity, MP-powered wands
0: Orb of Zot
}: 3/15 runes: decaying, silver, gossamer
a: Dig, Shaft Self, Renounce Religion, Fiery Armour, Foxfire Swarm


You escaped.
You worshipped Ignis.
Ignis was pleased with you.
You visited 10 branches of the dungeon, and saw 50 of its levels.
You visited 1 bazaar.
You also visited: Sewer, Ice Cave, Volcano, Wizlab and Desolation.

You collected 6801 gold pieces.
You spent 1077 gold pieces at shops.

Inventory:

Hand Weapons
 a - a +9 great mace of freezing (weapon)
 E - the +3 giant club "Skullcrusher" {speed, Str+7}
   (You found it on level 5 of the Vaults)

   Str+7:     It affects your strength (+7).
Missiles
 D - 5 curare-tipped darts
 S - a throwing net
Armour
 g - a +2 pair of boots (worn)
 h - a +5 crystal plate armour of cold resistance (worn)
 j - the +1 pair of gloves "Horoustra" (worn) {rC++ Str+2}
   (You acquired it on level 2 of the Crypt)

   Str+2:     It affects your strength (+2).
   rC++:      It greatly protects you from cold.
 T - a +2 tower shield (worn)
 X - the +0 cloak "Gaeph" (worn) {-Tele Rampage rPois rF+++}
   (You bought it in a shop in a bazaar)

   rF+++:     It renders you almost immune to fire.
   rPois:     It protects you from poison -Tele: It prevents most forms of
   teleportation.
   Rampage:   It bestows one free step when moving towards enemies.
Jewellery
 b - a ring of protection from cold
 e - a ring of fire
 f - an amulet of regeneration (around neck)
 o - the amulet "Suohikekk" {Acrobat Will+ Str+6}
   (You found it in an ice cave)

   [amulet of the acrobat]

   Acrobat:   It increases your evasion while moving and waiting.
   Str+6:     It affects your strength (+6).
   Will+:     It increases your willpower.
 p - the ring "Ygycva Pinue" {Ice *Corrode rElec rPois Slay+4}
   (You found it in an ice cave)

   [ring of ice]

   Ice:       It enhances your ice magic.
   Slay+4:    It affects your accuracy & damage with ranged weapons and melee
   (+4).
   rF-:       It makes you vulnerable to fire.
   rC+:       It protects you from cold.
   rElec:     It insulates you from electricity.
   rPois:     It protects you from poison *Corrode: It may corrode you when you
   take damage.
 y - a ring of protection from cold
 F - the ring of Xom's Entertainment (right hand) {Fly rElec Str+4 Dex+3}
   (You found it on level 2 of the Lair of Beasts)

   [ring of flight]

   Str+4:     It affects your strength (+4).
   Dex+3:     It affects your dexterity (+3).
   rElec:     It insulates you from electricity.
   Fly:       It grants you flight.
 I - a ring of willpower
 O - the ring "Jigen" (left hand) {Will+ AC+4 Str-3 Dex+3}
   (You found it on level 2 of the Elven Halls)

   [ring of protection]

   AC+4:      It affects your AC (+4).
   Str-3:     It affects your strength (-3).
   Dex+3:     It affects your dexterity (+3).
   Will+:     It increases your willpower.
 Q - a ring of positive energy
 R - a ring of poison resistance
 V - a ring of resist corrosion
 Y - a ring of protection from cold
Wands
 c - a wand of iceblast (44)
 l - a wand of mindburst (67)
 m - a wand of polymorph (33)
 s - a wand of quicksilver (23)
 u - a wand of flame (222)
 W - a wand of charming (29)
 Z - a wand of digging (16)
Scrolls
 d - 4 scrolls of fear
 w - 3 scrolls of butterflies
 x - a scroll of revelation
 B - a scroll of silence
 C - 5 scrolls of fog
 L - 4 scrolls of poison
 N - 7 scrolls of immolation
 P - 8 scrolls of vulnerability
Potions
 i - 8 potions of ambrosia
 k - 5 potions of heal wounds
 n - 7 potions of attraction
 r - 21 potions of curing
 t - 5 potions of mutation
 v - a potion of resistance
 z - a potion of cancellation
 A - 6 potions of enlightenment
 H - 5 potions of magic
 K - 8 potions of brilliance
 M - 3 potions of invisibility
Miscellaneous
 q - a phial of floods
 G - a lightning rod (4/4)
 J - a sack of spiders
 U - a condenser vane


   Skills:
 O Level 27 Fighting
 - Level 4.0(13.6) Axes
 - Level 19.8(20.0) Maces & Flails
 + Level 26.9 Armour
 - Level 10.0 Dodging
 O Level 27 Shields
 - Level 1.1 Spellcasting
 - Level 3.0 Fire Magic
 - Level 8.0 Evocations


You had 28 spell levels left.
You didn't know any spells.
Your spell library contained the following spells:

 Spells                   Type           Power      Damage    Failure   Level
 Scorch                   Fire           16%        2d5       47%         2
 Apportation              Tloc           0%         N/A       77%         1
 Kiss of Death            Conj/Necr      0%         2d5       77%         1
 Necrotise                Necr           0%         1d4       77%         1
 Sandblast                Erth           0%         2d4       77%         1
 Sting                    Conj/Alch      0%         1d3       77%         1
 Summon Small Mammal      Summ           0%         N/A       77%         1
 Call Imp                 Summ           0%         N/A       88%         2
 Cigotuvi's Dreadful Rot  Necr/Alch/Air  0%         N/A       88%         2
 Ensorcelled Hibernation  Hex/Ice        0%         N/A       88%         2
 Lesser Beckoning         Tloc           0%         N/A       88%         2
 Mercury Vapours          Alch/Air       0%         N/A       88%         2
 Momentum Strike          Conj/Tloc      0%         3d8       88%         2
 Sublimation of Blood     Necr           0%         N/A       88%         2
 Inner Flame              Hex/Fire       4%         N/A       89%         3
 Volatile Blastmotes      Fire/Tloc      8%         2d10      89%         3
 Call Canine Familiar     Summ           0%         N/A       98%         3
 Dazzling Flash           Conj/Hex       0%         N/A       98%         3
 Fugue of the Fallen      Necr           0%         N/A       98%         3
 Gell's Gravitas          Tloc           0%         N/A       98%         3
 Hailstorm                Conj/Ice       0%         3d5       98%         3
 Mephitic Cloud           Conj/Alch/Air  0%         N/A       98%         3
 Ozocubu's Armour         Ice            0%         N/A       98%         3
 Passwall                 Erth           0%         N/A       98%         3
 Sigil of Binding         Hex            0%         N/A       98%         3
 Stone Arrow              Conj/Erth      0%         3d7       98%         3
 Summon Ice Beast         Ice/Summ       0%         N/A       98%         3
 Teleport Other           Tloc           0%         N/A       98%         3
 Anguish                  Hex/Necr       0%         N/A       100%        4
 Animate Armour           Summ/Erth      0%         N/A       100%        4
 Brom's Barrelling Bould  Conj/Erth      0%         2d3       100%        4
 Cause Fear               Hex            0%         N/A       100%        4
 Dimensional Bullseye     Hex/Tloc       0%         N/A       100%        4
 Dispel Undead            Necr           0%         3d6       100%        4
 Ignite Poison            Fire/Alch      4%         N/A       100%        4
 Leda's Liquefaction      Alch/Erth      0%         N/A       100%        4
 Manifold Assault         Tloc           0%         N/A       100%        4
 Martyr's Knell           Necr/Summ      0%         N/A       100%        4
 Olgreb's Toxic Radiance  Alch           0%         N/A       100%        4
 Summon Blazeheart Golem  Fire/Summ      4%         N/A       100%        4
 Borgnjor's Vile Clutch   Necr/Erth      0%         N/A       100%        5
 Curse of Agony           Necr           0%         N/A       100%        5
 Freezing Cloud           Conj/Ice/Air   0%         6-21      100%        5
 Irradiate                Conj/Alch      0%         3d11      100%        5
 Lee's Rapid Deconstruct  Erth           0%         3d4*      100%        5
 Silence                  Hex/Air        0%         N/A       100%        5
 Summon Mana Viper        Hex/Summ       0%         N/A       100%        5
 Bombard                  Conj/Erth      0%         9d1       100%        6
 Conjure Ball Lightning   Conj/Air       0%         3x3d6     100%        6
 Death Channel            Necr           0%         N/A       100%        6
 Dispersal                Tloc           0%         N/A       100%        6
 Sculpt Simulacrum        Ice/Alch       0%         N/A       100%        6
 Starburst                Conj/Fire      2%         6d3       100%        6
 Haunt                    Necr/Summ      0%         N/A       100%        7
 Malign Gateway           Summ/Tloc      0%         N/A       100%        7
 Monstrous Menagerie      Summ           0%         N/A       100%        7
 Orb of Destruction       Conj           0%         9d5       100%        7
 Ozocubu's Refrigeration  Ice            0%         4d7       100%        7
 Spellforged Servitor     Conj/Summ      0%         N/A       100%        7
 Summon Hydra             Summ           0%         N/A       100%        7
 Discord                  Hex            0%         N/A       100%        8
 Disjunction              Tloc           0%         N/A       100%        8
 Lehudib's Crystal Spear  Conj/Erth      0%         10d2      100%        8
 Maxwell's Capacitive Co  Air            0%         ∞         100%        8
 Summon Horrible Things   Summ           0%         N/A       100%        8
 Death's Door             Necr           0%         N/A       100%        9
 Polar Vortex             Ice            0%         N/A       100%        9
 Shatter                  Erth           0%         3d5*      100%        9


Dungeon Overview and Level Annotations

Branches:
Dungeon (15/15)            Temple (0/1) D:6            Lair (5/5) D:11
  Swamp (4/4) Lair:3       Spider (4/4) Lair:2        Slime (0/5) Lair:5
    Orc (2/2) D:10            Elf (3/3) Orc:2        Vaults (5/5) D:14
  Crypt (3/3) Vaults:3       Tomb (0/3) Crypt:3      Depths (4/4) D:15
    Zot (5/5) Depths:4      Sewer (visited)           IceCv (visited)
Volcano (visited)          WizLab (visited)         Desolation (visited)

Altars:
Ashenzari
Cheibriados
Dithmenos
Elyvilon
Gozag
Kikubaaqudgha
Makhleb
Nemelex Xobeh
Ru
Wu Jian
Yredelemnul
The Shining One
Jiyva

Shops:
D:2 *   D:12 ?   D:13 [   D:14 *   Orc:2 =([*   Vaults:1 *   Vaults:4 =
Zot:5 *

Portals:
Hell: Depths:4
Ziggurat: Depths:3

Annotations:
Lair:5 2 transporters, Ciut's ghost, journeyman OpDe


Innate Abilities, Weirdness & Mutations

You cannot be hasted, slowed, berserked, paralysed or teleported.
You can dig through walls and to a lower floor.
You have a pair of large antennae on your head. (SInv)
Your four strong arms can wield two-handed weapons with a shield.
You possess an exceptional clarity of mind.
You expend magic power (3 MP) to strengthen your wands.


Message History

There is a shaft here.
A green death comes into view.
You see here 8 stones.
There is a stone staircase leading up here.
You fly upwards.
There is a stone staircase leading down here.
There is a stone staircase leading up here.
You fly upwards.
There is a stone staircase leading down here.
There is a stone staircase leading up here.
You fly upwards.
There is a stone staircase leading down here.
You see here a +0 club.
There is a stone staircase leading up here.
You fly upwards.
There is a stone staircase leading down here.
An Okufowno and an Ice Fiend come into view.
The Ice Fiend roars!
Okufowno gestures.
There is a faded altar of an unknown god here.
The Ice Fiend calls on the powers of darkness!
Your body is wracked with pain!
Okufowno gestures at you.
The sphere of damnation explodes!
The damnation engulfs you!
The damnation engulfs the plant!!
The plant begins to die.
The damnation engulfs the fungus!!!
The fungus begins to die.
As you read the scroll of fog, it dissolves into smoke.
The Ice Fiend gestures at you.
The bolt of cold hits the fungus!!!
The bolt of cold hits you but does no damage.
There is an open door here.
You extend your mandibles.
You dig through the rock wall.
You feel drained.
You retract your mandibles.
There is a staircase leading out of the dungeon here.
You can't go down here!
The Ice Fiend calls on the powers of darkness!
Your body is wracked with pain!
* * * LOW HITPOINT WARNING * * *
You have escaped!

P§{§§# #....##......#....####..
§§♣P1#####....#####.....#........
§§§§§{{..'1.(..# ##..###.#####.#
...§######1....#####..#..........
....# #.....##.....#.##.####..
....# #.....##.....#....# #..
....# #.....##.....#.)..####..
....# #.......8....#.##......#
....# #.....#@.....#.#########
##### #.....#.8....#.#........
#.....##.......#.####...
#.....##....####.# #...
#.....##....# #.####...
#####.#####.# #........ #.# #.#
##....... #.# ### #....... #.#
#.....##


You could see 2 Ice Fiends.

Vanquished Creatures
  2 dread liches
  4 ancient liches
  An orb of fire (Zot:5)
  Bai Suzhen (Swamp:4)
  Boris (Crypt:2)
  8 Killer Klowns (Zot:5)
  12 golden dragons
  Norris (Elf:2)
  A profane servitor (Crypt:3)
  A bone dragon (Depths:4)
  3 electric golems
  14 tentacled monstrosities
  Asterion (Spider:1)
  23 Orb Guardians
  Mlioglotl (Spider:4)
  A lich (Crypt:3)
  5 quicksilver dragons
  7 sphinxes
  8 titans
  3 deep elf blademasters
  2 deep elf master archers (Elf:3)
  5 death cobs
  7 ancient champions
  9 shadow dragons
  3 tengu reavers
  An azure jelly (IceCv)
  13 storm dragons
  4 revenants
  Aizul (Spider:1)
  2 protean progenitors (Zot:5)
  A fenstrider witch (Swamp:2)
  A draconian monk (Zot:5)
  2 deep elf sorcerers (Elf:3)
  2 draconian scorchers
  5 fire giants
  2 frost giants
  6 ghost moths
  A draconian shifter (Depths:4)
  4 emperor scorpions
  15 vault wardens
  Louise (Swamp:3)
  A curse skull (Crypt:2)
  2 reapers
  2 deep elf elementalists (Elf:3)
  32 ironbound preservers
  2 ghouls (Crypt:3)
  7 ironbound thunderhulks
  4 draconian stormcallers
  3 spriggan defenders
  5 stone giants
  A juggernaut skeleton (Crypt:1)
  2 quicksilver oozes (IceCv)
  3 broodmothers
  4 very ugly things
  A draconian annihilator (Zot:4)
  3 formless jellyfish
  9 deep elf death magi
  14 vampire knights
  4 black draconians
  18 dire elephants
  2 green draconians
  7 deep elf demonologists (Elf:3)
  4 red draconians
  A war gargoyle (Vaults:5)
  6 purple draconians
  3 white draconians
  A yellow draconian (Zot:5)
  13 deep elf annihilators
  5 eleionomae
  Snorg (Lair:5)
  3 bunyips
  3 eidola
  8 ettins
  A crystal guardian (Desolation)
  Josephine (D:13)
  11 jiangshi
  3 shambling mangroves
  2 rakshasas
  4 deep elf high priests
  9 entropy weavers
  A mummy priest (Crypt:3)
  12 yaktaur captains
  2 great orbs of eyes
  Erolcha (D:13)
  A ghost crab (Swamp:2)
  A hell beast (D:15)
  2 servants of whispers (Desolation)
  2 ragged hierophants (Desolation)
  3 ice dragons
  18 hydras
  A quicksilver dragon skeleton (Crypt:1)
  The ghost of BeingJoeMalik the Thaumaturge, a journeyman NaHW of Jiyva (D:10)
  27 vault guards
  4 spriggan air magi
  5 ogre magi
  4 centaur warriors
  3 peacekeepers
  11 ironbound frosthearts
  3 catoblepae
  9 alligators
  6 radroaches
  29 dancing weapons
  2 death knights
  16 two-headed ogres
  A fenstrider witch skeleton (Crypt:3)
  13 boulder beetles
  2 jorogumos
  A death scarab (Spider:4)
  3 deep troll shamans
  12 death yaks (Lair:5)
  4 spriggan berserkers
  3 deep troll earth magi
  8 demonic crawlers
  3 orc high priests (Orc:2)
  11 vampire magi
  23 deep elf knights
  The ghost of Jingleheimer the Shield-Bearer, a novice OpSh of Gozag (D:8)
  2 iron trolls
  22 spriggans
  2 sun demons
  3 skysharks
  A sixfirhy (D:11)
  2 hell knights
  Nergalle (Lair:2)
  2 bunyip zombies
  22 skeletal warriors
  11 pharaoh ants
  2 shadow wraiths
  96 deep trolls
  7 goliath frogs
  9 spriggan druids
  4 flayed ghosts
  2 spriggan simulacra (Crypt:3)
  9 orb spiders
  A sun moth (shapeshifter) (Vaults:5)
  6 arcanists
  5 bog bodies
  9 steelbarb worms
  11 swamp dragons
  13 ironbound convokers
  A lindwurm (shapeshifter) (Depths:4)
  2 steelbarb worms (shapeshifter) (Vaults:5)
  Pikel (D:4)
  A sun moth (Spider:3)
  2 obsidian statues
  2 necromancers
  3 orange crystal statues
  11 deep elf archers
  A shadow dragon zombie (Crypt:1)
  18 deep elf pyromancers
  24 deep elf zephyrmancers
  4 harpies (Vaults:2)
  A stone giant zombie (Crypt:3)
  9 lindwurms
  19 phantasmal warriors
  7 orc knights
  7 cyclopes
  An iron dragon zombie (Crypt:2)
  27 ugly things
  A wolf spider zombie (D:13)
  Maurice (D:7)
  A faun (shapeshifter) (Vaults:5)
  4 orc sorcerers (Orc:2)
  7 will-o-the-wisps
  19 wolf spiders
  4 meliai
  14 moths of wrath
  An iron dragon skeleton (Crypt:3)
  4 centaur zombies (D:13)
  A shadow dragon skeleton (Crypt:3)
  A manticore (D:13)
  2 kobold blastminers (Orc:2)
  A frost giant skeleton (Crypt:1)
  A guardian serpent (Desolation)
  2 black mambas (Lair:3)
  Joseph (D:10)
  21 elephants
  A shock serpent skeleton (Crypt:1)
  20 vault sentinels
  6 torpor snails
  2 ice statues (IceCv)
  2 gargoyles
  16 cane toads
  A grey draconian zombie (Crypt:2)
  8 komodo dragons
  32 yaktaurs
  9 freezing wraiths
  3 efreet
  A mana viper skeleton (Crypt:3)
  An unseen horror (D:12)
  9 large abominations
  A minotaur zombie (Crypt:1)
  8 rime drakes
  A tormentor (Zot:5)
  8 guardian mummies (Crypt:3)
  A queen bee (Spider:1)
  A red devil (Volcano)
  A black draconian skeleton (Crypt:3)
  4 trolls
  A minotaur skeleton (Crypt:3)
  A queen bee (shapeshifter) (D:12)
  A polar bear (shapeshifter) (Elf:3)
  A hydra zombie (Swamp:2)
  2 alligator simulacra (Swamp:2)
  A polar bear (Lair:5)
  A harpy zombie (Crypt:3)
  A harpy skeleton (Crypt:2)
  7 tyrant leeches
  15 hornets
  26 saltlings
  4 glass eyes
  32 tarantellas
  A tarantella (shapeshifter) (Elf:3)
  A boulder beetle zombie (Crypt:1)
  11 dream sheep (Lair:5)
  Prince Ribbit (D:9)
  10 blink frogs
  2 fire dragon zombies (Crypt:2)
  37 slime creatures
  33 jumping spiders
  2 air elementals
  28 culicivoras
  4 shadows
  A centaur simulacrum (D:15)
  3 vampires
  A naga simulacrum (Crypt:2)
  27 yaks
  A water elemental (Elf:2)
  5 fire elementals
  3 fire bats (Volcano)
  16 wraiths
  14 wyverns
  A golden eye (shapeshifter) (D:14)
  9 basilisks
  5 wargs
  2 neqoxecs (D:10)
  64 redbacks
  2 steam dragons (D:7)
  11 vampire mosquitoes
  15 swamp worms
  Menkaure (D:7)
  An acid dragon (D:8)
  A great orb of eyes simulacrum (IceCv)
  A glowing shapeshifter zombie (Crypt:2)
  13 water moccasins
  A hell hound (Volcano)
  3 black bears
  18 orc warriors
  7 swamp drakes
  2 sky beasts
  2 ice beasts (D:6)
  9 laughing skulls
  2 snapping turtle skeletons
  25 wolves
  10 ogres
  A torpor snail zombie (Crypt:2)
  2 lemures (D:4)
  2 slime creature simulacra (IceCv)
  6 centaurs
  A phantom (D:5)
  3 kobold brigands
  3 elf zombies (Elf:1)
  6 scorpions
  2 earth elementals
  A gnoll sergeant (D:13)
  7 small abominations
  14 bullfrogs
  2 necrophages (Crypt:3)
  3 glowing shapeshifter simulacra (IceCv)
  3 wights (Crypt:2)
  A water moccasin skeleton (Crypt:3)
  18 killer bees
  A raiju skeleton (Crypt:2)
  4 howler monkeys
  A troll skeleton (Crypt:1)
  2 bombardier beetles (D:5)
  8 lava snakes
  3 jellies
  4 quasits (D:10)
  7 hounds
  A black bear zombie (Crypt:3)
  22 orc priests
  2 sleepcaps
  A basilisk skeleton (Crypt:3)
  19 orc wizards
  8 hell rats (Lair:3)
  5 shapeshifter simulacra (IceCv)
  A hound zombie (Crypt:2)
  A mummy (Crypt:3)
  11 adders
  8 gnolls
  A shadow imp (D:7)
  2 white imps
  6 ribbon worms
  8 dart slugs
  61 orcs
  11 ball pythons
  3 bats
  8 endoplasms
  14 giant cockroaches
  7 goblins
  8 hobgoblins
  4 jackals (D:3)
  2 quokkas
  A dart slug zombie (Crypt:2)
  12 frilled lizards
  A frilled lizard skeleton (Crypt:1)
  A gnoll zombie (Crypt:2)
  27 kobolds
  13 rats
  2 rat skeletons
2119 creatures vanquished.

Vanquished Creatures (collateral kills)
  A tarantella (Spider:4)
1 creature vanquished.

Vanquished Creatures (others)
  A golden dragon (Vaults:5)
  A war gargoyle (Vaults:5)
  A deep elf knight (Elf:1)
  An arcanist (Vaults:4)
  A deep elf zephyrmancer (Elf:1)
  A large abomination (Zot:1)
  A bunyip simulacrum (Swamp:2)
  3 bloated husks
  A jumping spider (Spider:4)
  A spriggan (Swamp:2)
  A human (Depths:2)
  A redback (Spider:4)
  An orc wizard (Orc:1)
  84 foxfires
  5 spectral weapons
104 creatures vanquished.

Grand Total: 2224 creatures vanquished

Notes
Turn   | Place    | Note
-------+----------+-------------------------------------------
     0 | D:1      | SnakkuSnakku7 the Formicid Cinder Acolyte began the quest
                  | for the Orb.
     0 | D:1      | Reached XP level 1. HP: 18/18 MP: 2/2
    90 | D:1      | Reached XP level 2. HP: 22/24 MP: 3/3
   468 | D:1      | Found a faded altar of an unknown god.
   540 | D:1      | Reached XP level 3. HP: 27/29 MP: 4/4
   756 | D:2      | Reached skill level 1 in Maces & Flails
   953 | D:2      | Found Mukhlaoju's General Store.
   969 | D:2      | Bought a scroll of noise for 13 gold pieces
  1117 | D:2      | Reached XP level 4. HP: 35/35 MP: 5/5
  1661 | D:3      | Found a glowing drain.
  1693 | Sewer    | Entered a sewer
  1733 | Sewer    | Reached XP level 5. HP: 41/41 MP: 6/6
  1894 | Sewer    | Noticed a bullfrog
  1894 | Sewer    | Noticed a bullfrog
  1900 | Sewer    | Killed a bullfrog
  1963 | Sewer    | Killed a bullfrog
  1964 | Sewer    | Reached skill level 5 in Maces & Flails
  1964 | Sewer    | Reached XP level 6. HP: 37/47 MP: 7/7
  2862 | D:4      | Reached XP level 7. HP: 46/52 MP: 8/8
  3067 | D:4      | Noticed Pikel
  3084 | D:4      | Killed Pikel
  3085 | D:4      | Reached XP level 8. HP: 37/58 MP: 9/9
  3408 | D:5      | Entered Level 5 of the Dungeon
  3422 | D:5      | Found an opulent altar of Gozag.
  3423 | D:5      | Found a broken altar of Ashenzari.
  3425 | D:5      | Found a sparkling altar of Nemelex Xobeh.
  3429 | D:5      | Found a basalt altar of Yredelemnul.
  3429 | D:5      | Found a shadowy altar of Dithmenos.
  3429 | D:5      | Found a white marble altar of Elyvilon.
  3444 | D:5      | Found a glowing golden altar of the Shining One.
  3446 | D:5      | Found an ancient bone altar of Kikubaaqudgha.
  3759 | D:5      | Reached skill level 10 in Maces & Flails
  3759 | D:5      | Reached XP level 9. HP: 59/64 MP: 10/10
  4272 | D:6      | Found a staircase to the Ecumenical Temple.
  4801 | D:7      | Noticed Maurice
  4878 | D:7      | Killed Maurice
  4879 | D:7      | Reached XP level 10. HP: 68/70 MP: 11/11
  4976 | D:7      | Noticed Menkaure
  4987 | D:7      | Killed Menkaure
  5555 | D:8      | Found a large runed translucent door.
  5555 | D:8      | Found a large runed translucent door.
  5604 | D:8      | Reached skill level 5 in Fighting
  5767 | D:8      | Noticed Jingleheimer's ghost (novice OpSh)
  5803 | D:8      | Killed Jingleheimer's ghost
  5904 | D:8      | Reached XP level 11. HP: 86/86 MP: 12/12
  6052 | D:9      | Noticed Prince Ribbit
  6091 | D:9      | Killed Prince Ribbit
  6358 | D:9      | Noticed a two-headed ogre
  6371 | D:9      | Killed a two-headed ogre
  6417 | D:9      | Reached skill level 10 in Fighting
  6467 | D:9      | Found a sacrificial altar of Ru.
  6492 | D:9      | Reached skill level 1 in Armour
  6663 | D:10     | Entered Level 10 of the Dungeon
  6732 | D:10     | Found a faded altar of an unknown god.
  6739 | D:10     | Found a staircase to the Orcish Mines.
  6817 | D:10     | Found a transporter.
  6818 | D:10     | Noticed BeingJoeMalik's ghost (journeyman NaHW)
  6849 | D:10     | Found a transporter.
  6969 | D:10     | Noticed Joseph
  6991 | D:10     | Killed Joseph
  7206 | D:10     | Noticed an arcanist
  7221 | D:10     | Killed an arcanist
  7242 | D:10     | Noticed a large abomination
  7242 | D:10     | Noticed a large abomination
  7304 | D:9      | Reached skill level 5 in Armour
  7555 | D:10     | Killed a large abomination
  7559 | D:10     | Noticed a large abomination
  7583 | D:10     | Killed a large abomination
  7631 | D:10     | Identified the +0 great sword of Ravage {freeze, Will+
                  | Int+3 SInv}
  7766 | D:10     | Killed a large abomination
  7825 | D:10     | Found an ornate altar of the Wu Jian Council.
  8009 | D:11     | Found a frozen archway.
  8019 | IceCv    | Entered an ice cave
  8027 | IceCv    | Reached XP level 12. HP: 97/97 MP: 13/13
  8113 | IceCv    | Identified the amulet "Qeazix" {Rampage +Blink rN+++ Will-
                  | Regen+}
  8316 | IceCv    | Noticed a quicksilver ooze
  8323 | IceCv    | Killed a quicksilver ooze
  8460 | IceCv    | Reached skill level 15 in Maces & Flails
  8841 | IceCv    | Noticed a quicksilver ooze
  8850 | IceCv    | Killed a quicksilver ooze
  8898 | IceCv    | Found a viscous altar of Jiyva.
  8898 | IceCv    | Noticed an azure jelly
  8904 | IceCv    | Killed an azure jelly
  8922 | IceCv    | Identified the amulet "Suohikekk" {Acrobat Will+ Str+6}
  8926 | IceCv    | Got the ring "Ygycva Pinue" {Ice *Corrode rElec rPois
                  | Slay+4}
  9169 | D:11     | Found a staircase to the Lair.
  9609 | Lair:1   | Entered Level 1 of the Lair of Beasts
  9837 | Lair:1   | Reached XP level 13. HP: 100/101 MP: 14/14
 10428 | Lair:2   | Identified the ring of Xom's Entertainment {Fly rElec Str+4
                  | Dex+3}
 10435 | Lair:2   | Noticed Nergalle
 10443 | Lair:2   | Killed Nergalle
 10826 | Lair:2   | Found a hole to the Spider Nest.
 11097 | Lair:3   | Identified a scroll of acquirement
 11098 | Lair:3   | Acquired a +4 spectral giant spiked club
 11347 | Lair:3   | Noticed a catoblepas
 11384 | Lair:3   | Killed a catoblepas
 11404 | Lair:3   | Reached XP level 14. HP: 68/110 MP: 15/15
 11415 | Lair:3   | Noticed an eleionoma
 11423 | Lair:3   | Killed an eleionoma
 11426 | Lair:3   | Found a staircase to the Swamp.
 11954 | Lair:4   | Reached skill level 10 in Armour
 12568 | Lair:5   | Entered Level 5 of the Lair of Beasts
 12599 | Lair:5   | Noticed Ciut's ghost (journeyman OpDe)
 12601 | Lair:5   | Found a transporter.
 12637 | Lair:5   | Noticed Snorg
 12881 | Lair:5   | Reached XP level 15. HP: 111/119 MP: 16/16
 12962 | Lair:5   | Got an earthy gem with 448 turns to spare
 13040 | Lair:5   | Killed Snorg
 13319 | Lair:5   | Found a transporter.
 13404 | Lair:5   | Found a staircase to the Slime Pits.
 13410 | Lair:5   | Found a viscous altar of Jiyva.
 14012 | Orc:1    | Entered Level 1 of the Orcish Mines
 14295 | Orc:2    | Entered Level 2 of the Orcish Mines
 14388 | Orc:2    | Found a dark tunnel.
 14398 | Volcano  | Entered a volcano
 14526 | Volcano  | Found a burning altar of Makhleb.
 14529 | Volcano  | Gained mutation: You are frail. (-10% HP) [a neqoxec]
 14539 | Volcano  | Lost mutation: You are frail. (-10% HP) [potion of
                  | mutation]
 14539 | Volcano  | Gained mutation: You expend magic power (3 MP) to
                  | strengthen your wands. [potion of mutation]
 14539 | Volcano  | Gained mutation: You possess an exceptional clarity of
                  | mind. [potion of mutation]
 14539 | Volcano  | Gained mutation: Your mind is acute. (Int +4, Str/Dex -1)
                  | [potion of mutation]
 14781 | Orc:2    | Reached skill level 15 in Fighting
 14915 | Orc:2    | Found Ujagikk's Assorted Antiques.
 14915 | Orc:2    | Found Emeicici's Jewellery Shoppe.
 14916 | Orc:2    | Found Foehouw's Antique Armour Shop.
 14916 | Orc:2    | Found Mirroer's Weapon Shop.
 15067 | Orc:2    | Found a burning altar of Makhleb.
 15228 | Orc:2    | Found a staircase to the Elven Halls.
 15593 | D:12     | Found Tenen's Magic Scroll Boutique.
 15599 | D:12     | Bought a scroll of enchant armour for 135 gold pieces
 15599 | D:12     | Bought a scroll of enchant armour for 135 gold pieces
 15702 | D:13     | Noticed Josephine
 15710 | D:13     | Killed Josephine
 15718 | D:13     | Reached XP level 16. HP: 125/136 MP: 9/17
 15860 | D:15     | Entered Level 15 of the Dungeon
 15894 | D:15     | Found a staircase to the Depths.
 15928 | D:15     | Reached skill level 15 in Armour
 15931 | D:15     | Reached skill level 1 in Dodging
 15974 | D:15     | Reached skill level 5 in Dodging
 16027 | D:15     | Got a smoky gem with 212 turns to spare
 16864 | D:14     | Found a gate to the Vaults.
 16867 | D:14     | Found Fanichuh's Assorted Antiques.
 17391 | D:13     | Reached XP level 17. HP: 142/142 MP: 10/18
 18221 | D:13     | Noticed Erolcha
 18226 | D:13     | Killed Erolcha
 18350 | D:13     | Found Hinuvihu's Antique Armour Boutique.
 18355 | D:13     | Bought a pair of embroidered boots for 240 gold pieces
 18501 | D:12     | Identified the +4 flail of Autumn {flame, rN+}
 19024 | D:12     | Identified the +7 hand axe of the Foremost Servitors
                  | {flame, rPois}
 19027 | D:12     | Identified the ring "Rimiqimy" {Fly rPois rN++ Str-2 Int+6}
 19280 | D:10     | Killed BeingJoeMalik's ghost
 19281 | D:10     | Reached skill level 10 in Dodging
 19281 | D:10     | Reached skill level 1 in Shields
 19432 | Swamp:1  | Entered Level 1 of the Swamp
 19515 | Swamp:1  | Reached skill level 5 in Shields
 19546 | Swamp:1  | Got the Elucidation of the Crystalline Wayfarer
 20348 | Swamp:3  | Reached skill level 10 in Shields
 20480 | Swamp:4  | Entered Level 4 of the Swamp
 20491 | Swamp:4  | Noticed Bai Suzhen
 20542 | Swamp:4  | Noticed Louise
 20671 | Swamp:4  | Reached XP level 18. HP: 120/149 MP: 16/19
 20886 | Swamp:3  | Killed Louise
 20960 | Swamp:4  | Killed Bai Suzhen
 21022 | Swamp:4  | Got a mossy gem with 139 turns to spare
 21024 | Swamp:4  | Got a decaying rune of Zot
 21294 | Swamp:4  | Reached skill level 15 in Shields
 22094 | Swamp:3  | HP: 5/149 [death yak[a spriggan berserker] (22)]
 22095 | Swamp:3  | You fall into a shaft and drop 1 floor!
 22936 | Spider:1 | Entered Level 1 of the Spider Nest
 22945 | Spider:1 | Identified the serpent talisman of Mosoloir {rElec Stlth+}
 22945 | Spider:1 | Noticed Aizul
 22957 | Spider:1 | Killed Aizul
 23182 | Spider:1 | Reached skill level 1 in Evocations
 23195 | Spider:1 | Reached XP level 19. HP: 124/155 MP: 1/20
 23371 | Spider:1 | Noticed Asterion
 23400 | Spider:1 | Killed Asterion
 23565 | Spider:4 | Entered Level 4 of the Spider Nest
 23607 | Spider:4 | Reached skill level 5 in Evocations
 24192 | Spider:4 | Noticed Mlioglotl
 24219 | Spider:4 | Killed Mlioglotl
 24659 | Spider:4 | Got a milky-white gem with 790 turns to spare
 24666 | Spider:4 | Got a gossamer rune of Zot
 25038 | Spider:3 | Reached XP level 20. HP: 164/164 MP: 0/21
 25751 | Spider:2 | Identified the +10 quarterstaff "Romifas" {venom, rC+ Str+3
                  | Int-3}
 26625 | Vaults:1 | Entered Level 1 of the Vaults
 26697 | Vaults:1 | Found Raci's General Store.
 26705 | Vaults:1 | Bought a scroll of fear for 80 gold pieces
 27633 | Vaults:1 | Identified the +8 spear of the Unspeakable One {flame,
                  | *Noise Will- rCorr Int+9}
 27715 | Vaults:1 | Reached XP level 21. HP: 138/182 MP: 0/22
 28750 | Vaults:2 | Identified the +4 quarterstaff "Lecoge" {freeze, rC+ Int+3}
 29730 | Vaults:3 | Reached XP level 22. HP: 190/190 MP: 18/23
 30034 | Vaults:3 | Found a staircase to the Crypt.
 30846 | Vaults:4 | Got the Precepts of Petrified Elsewhere
 31017 | Vaults:4 | Found a crumbling gateway.
 31028 | Desolati | Entered the Desolation of Salt
 31089 | Desolati | Identified the +6 orcbow of Ergh {flame, SInv}
 31594 | Vaults:4 | Found Zayp Ytu's Jewellery Shop.
 31893 | Crypt:1  | Entered Level 1 of the Crypt
 31978 | Crypt:1  | Found a basalt altar of Yredelemnul.
 32098 | Crypt:1  | Reached XP level 23. HP: 174/188 MP: 0/24
 32136 | Crypt:1  | Found a magical portal.
 32160 | WizLab   | Entered Wucad Mu's Monastery
 32341 | WizLab   | Found the crystal ball of Wucad Mu {*channel}
 32438 | WizLab   | Reached XP level 24. HP: 194/194 MP: 7/24
 32618 | Crypt:2  | Acquired the +1 pair of gloves "Horoustra" {rC++ Str+2}
 32724 | Crypt:2  | Found an ancient bone altar of Kikubaaqudgha.
 32834 | Crypt:3  | Entered Level 3 of the Crypt
 32834 | Crypt:3  | Noticed an ancient lich
 32845 | Crypt:3  | Killed an ancient lich
 33041 | Crypt:3  | HP: 8/164 [ghostly deep elf death mage/bolt of negative
                  | energy (48)]
 33694 | Crypt:3  | Found a staircase to the Tomb.
 34087 | Crypt:3  | Found an ancient bone altar of Kikubaaqudgha.
 34089 | Crypt:3  | Found a basalt altar of Yredelemnul.
 34098 | Crypt:3  | Got an ivory gem with 120 turns to spare
 34124 | Crypt:3  | Found the +3 salamander hide armour {Flames, rFlCloud rF++
                  | rC--}
 34127 | Crypt:3  | Got the Catalogue of Focus
 34129 | Crypt:3  | Got Cunag's Atlas of Iron Argyropoeia
 34229 | Crypt:3  | Identified the +4 halberd of the Firefly {protect, rC+}
 34420 | Crypt:2  | You are sucked into a shaft and drop 1 floor!
 34657 | Crypt:2  | Noticed Boris
 34665 | Crypt:2  | Killed Boris
 34827 | Crypt:2  | Identified the +7 dire flail of Viny Blind Justice
                  | {protect, ^Fragile rElec rPois rF+++}
 35078 | Crypt:2  | Reached skill level 27 in Shields
 35882 | Elf:1    | Entered Level 1 of the Elven Halls
 35920 | Elf:1    | Reached XP level 25. HP: 152/202 MP: 24/24
 36262 | Elf:1    | Got the Encyclopedia of Necromancy
 36310 | Elf:2    | Noticed Norris
 36331 | Elf:2    | Killed Norris
 36413 | Elf:2    | Identified the ring "Jigen" {Will+ AC+4 Str-3 Dex+3}
 36460 | Elf:2    | Found a flickering gateway to a bazaar.
 36503 | Bazaar   | Entered a bazaar
 36509 | Bazaar   | Found Wiug's Antique Armour Emporium.
 36509 | Bazaar   | Found Kuug's Antique Armour Emporium.
 36529 | Bazaar   | Bought a distressingly furry cloak for 247 gold pieces
 36529 | Bazaar   | Identified the +0 cloak "Gaeph" {-Tele Rampage rPois rF+++}
                  | (You bought it in a shop in a bazaar)
 36529 | Bazaar   | Bought a pair of glowing boots for 195 gold pieces
 36554 | Bazaar   | Found Xuor's General Store.
 36554 | Bazaar   | Found Kausuum's Weapon Shoppe.
 36610 | Elf:3    | Entered Level 3 of the Elven Halls
 37122 | Elf:3    | Identified the amulet of the Lonely Souls {Acrobat Int+2
                  | Slay+3}
 37146 | Elf:3    | Got a shimmering gem with 724 turns to spare
 37181 | Elf:3    | Identified the +4 long sword of Waangaem {antimagic, Str+6
                  | Int+5}
 37210 | Elf:3    | Got Sif Muna's Treatise on the Catacomb
 37256 | Elf:3    | Identified the +0 sling "Burigoid" {flame, rPois rC- rCorr
                  | Str+2}
 37268 | Elf:3    | Identified the +3 long sword "Hoir" {drain, rF+ rC- rN+}
 37337 | Elf:3    | Identified the +8 dagger of Parts Unknown {venom, rN+
                  | Int+5}
 37338 | Elf:3    | Identified the staff "Xeuf" {*Corrode rF+ rC+ Int+3 Fire}
 38072 | Elf:2    | Found a runed translucent gate.
 38082 | Elf:2    | Found a runed translucent gate.
 38082 | Elf:2    | Found a runed translucent gate.
 39463 | Vaults:5 | Entered Level 5 of the Vaults
 39546 | Vaults:4 | Reached XP level 26. HP: 218/231 MP: 24/24
 39992 | Vaults:5 | Noticed a dread lich
 40072 | Vaults:4 | Killed a dread lich
 40307 | Vaults:4 | You are sucked into a shaft and drop 1 floor!
 40470 | Vaults:5 | Got a silver rune of Zot
 40488 | Vaults:5 | Got the Octavo of the Polluted Oath
 40692 | Vaults:5 | Noticed an ancient lich
 40700 | Vaults:5 | Killed an ancient lich
 40841 | Vaults:5 | Found the +3 giant club "Skullcrusher" {speed, Str+7}
 40909 | Vaults:5 | Noticed a dread lich
 40912 | Vaults:5 | Reached skill level 27 in Fighting
 40931 | Vaults:5 | Killed a dread lich
 40965 | Vaults:5 | Identified the +4 flail "Qoreriv" {drain, Int+4}
 41062 | Vaults:5 | Identified the +0 cloak of Yzass {rC- rN+ MP-9 Int+4}
 41076 | Vaults:5 | Reached XP level 27. HP: 227/239 MP: 24/24
 41447 | Vaults:5 | Identified the staff "Ilouniam" {^Fragile rN+ Dex+3 SInv
                  | Necro Earth}
 41968 | Depths:1 | Entered Level 1 of the Depths
 42108 | Depths:3 | Found a one-way gateway to a ziggurat.
 42185 | Depths:4 | Entered Level 4 of the Depths
 42449 | Depths:4 | Found a gateway to Hell.
 42462 | Depths:4 | Found a gate to the Realm of Zot.
 42470 | Depths:4 | Got a midnight gem with 2566 turns to spare
 42493 | Zot:1    | Entered Level 1 of the Realm of Zot
 43204 | Zot:1    | Found a burning altar of Makhleb.
 43609 | Zot:4    | Found a snail-covered altar of Cheibriados.
 43907 | Zot:5    | Entered Level 5 of the Realm of Zot
 43927 | Zot:5    | Found Naogem's CLEARANCE SALE!.
 43933 | Zot:5    | Bought a potion of invisibility for 32 gold pieces
 44577 | Zot:5    | Noticed a Killer Klown
 44592 | Zot:5    | Killed a Killer Klown
 44642 | Zot:5    | Noticed an orb of fire
 44665 | Zot:5    | Lost mutation: Your mind is acute. (Int +4, Str/Dex -1) [an
                  | orb of fire]
 44668 | Zot:5    | Killed an orb of fire
 44701 | Zot:5    | Noticed a Killer Klown
 44731 | Zot:5    | Killed a Killer Klown
 44760 | Zot:5    | Noticed a Killer Klown
 44776 | Zot:5    | Killed a Killer Klown
 44794 | Zot:5    | Noticed a Killer Klown
 44807 | Zot:5    | Killed a Killer Klown
 44815 | Zot:5    | Noticed a Killer Klown
 44877 | Zot:5    | Noticed a Killer Klown
 44888 | Zot:5    | Killed a Killer Klown
 44950 | Zot:5    | Noticed a Killer Klown
 44998 | Zot:5    | Killed a Killer Klown
 44999 | Zot:5    | Noticed an ancient lich
 45008 | Zot:5    | Killed an ancient lich
 45034 | Zot:5    | Noticed an ancient lich
 45056 | Zot:5    | Killed an ancient lich
 45071 | Zot:5    | Noticed a Killer Klown
 45129 | Zot:5    | Killed a Killer Klown
 45167 | Zot:5    | Killed a Killer Klown
 45573 | Zot:5    | Got the Orb of Zot
 45754 | Zot:1    | Noticed Vicsaz the pandemonium lord
 45952 | D:15     | Noticed a seraph
 45994 | D:13     | Noticed Suasotag the pandemonium lord
 46254 | D:1      | Noticed Okufowno the pandemonium lord
 46276 | D:$      | Escaped with the Orb!

Illustrated notes

Levels and vault maps discovered:
D:1:      mrwooster_arrival_statue, layout_basic,
          dreamdust_ecumenical_altar_grove,
          wander_ebering_terrifying_dragon_lair
D:2:      layout_loops_ring, serial_bayou, serial_bayou_pond_a,
          serial_bayou_lagoon_a, serial_bayou_shore_a, serial_bayou_pond_e,
          serial_shops, nicolae_shop_just_a_little_nook
D:3:      layout_loops_cross, mainiacjoe_sewer_entry_somewhere_in_here_1
D:4:      kennysheep_big_flooded_room, layout_basic, uniq_pikel
D:5:      layout_basic, minitemple, nicolae_wormholes
D:6:      layout_cave_pools, minmay_temple_entry_proselytizer,
          minmay_misc_feat_tiny
D:7:      layout_loops_ring, david_defended_altar_orc, uniq_menkaure,
          uniq_maurice
D:8:      layout_cave_pools, ebering_ghost_disaster_area,
          corexii_leaking_fountain
D:9:      layout_basic, nicolae_ru_great_annihilating_truth, uniq_prince_ribbit1
D:10:     layout_irregular_city, pdpol_wu_jian_five_deadly_venoms,
          minmay_orc_entry_temple_small, serial_column_ruins,
          column_ruins_hut_pillars, column_ruins_temple_circle,
          column_ruins_columns_dead_end, column_ruins_corridor_water,
          column_ruins_corridor_corner, gammafunk_ghost_stat_death, laboratory,
          uniq_joseph
D:11:     layout_roguey, lair_entry_dummy, portal_ice_cave_entry_pillars_2,
          minmay_statue_bubble
D:12:     minmay_the_grid_square_5x5_3x3 [minmay_the_grid_square_5x5_minibox,
          minmay_the_grid_square_5x5_lines,
          minmay_the_grid_square_5x5_gyroscope,
          minmay_the_grid_square_5x5_forky,
          minmay_the_grid_square_5x5_megaprize_checkered,
          minmay_the_grid_square_5x5_one_wall,
          minmay_the_grid_square_5x5_two_small,
          minmay_the_grid_square_5x5_hourglass, minmay_the_grid_square_5x5_z],
          layout_irregular_city, serial_shops, shop
D:13:     layout_basic, serial_shops, kennysheep_little_box, serial_undead,
          serial_undead_d, serial_undead_e, serial_undead_b, serial_undead_d,
          uniq_josephine, uniq_erolcha
D:14:     layout_loops_ring, erik_vaults_1, serial_shops, shop,
          amcnicky_mini_rare_corridor_liquid, kennysheep_generic_room_3
D:15:     grunt_enter_depths_giant_problem, layout_long_grid, moated_statue
Lair:1:   layout_gridlike
Lair:2:   layout_long_grid, nicolae_spider_entry_tight_spaces, uniq_nergalle
Lair:3:   layout_roguey, alex1729_swamp_entry_worm_eleionoma, special_room
          [special_room_mythical_zoo], lemuel_old_faithful
Lair:4:   layout_cave_pods, beast_lair_carwin_9
Lair:5:   grunt_lair_end_beastmaster, layout_layer_cave,
          minmay_slime_entry_pillars, gammafunk_ghost_berserking_beasts,
          uniq_snorg
Swamp:1:  layout_falls_marsh, evilmike_swamp_ruin_house_1
Swamp:2:  layout_basic_swamp, serial_swamp_ruin, evilmike_swamp_ruin_house_3,
          evilmike_swamp_ruin_house_5, nicolae_swamp_necromancer_hut
Swamp:3:  nicolae_swamp_secret_spriggan_hideout, layout_basic_swamp,
          hangedman_swamp_ruin_wall, swamp_pool_4, nzn_swamp_stair_ambush
Swamp:4:  swamp_alternative, layout_basic_swamp, infiniplex_staircase_pool,
          nicolae_swamp_tree_isthmus, uniq_louise, uniq_bai_suzhen
Spider:1: layout_spider_delve, nicolae_looking_at_the_future, uniq_aizul,
          uniq_asterion
Spider:2: layout_cave_pods, hellmonk_test_site
Spider:3: layout_cave_pods, nicolae_spider_rock_and_or_roll
Spider:4: grunt_spider_rune_parallel, guppyfry_spider_mini_1, uniq_mlioglotl
Orc:1:    layout_caves
Orc:2:    st_orc_elflike, layout_caves, nicolae_volcano_entry_lava_flow,
          basic_altar
Elf:1:    minmay_elf_arrival_circle, layout_loops_cross, minmay_elf_necromancy,
          minmay_misc_feat_columns
Elf:2:    nicolae_elf_blades_crystal_corner, layout_gridlike, serial_shops,
          bzr_entry_islet, uniq_norris
Elf:3:    elf_hall, layout_onion_city, minmay_misc_feat_alley,
          dreamdust_princess_corridor
Vaults:1: hangedman_vaults_restitches, v_alt_pattern_2, v_misc_30, v_rooms_2,
          nicolae_vaults_stepped_doors, v_misc_17,
          nicolae_vaults_doubleplus_tesselated, vaults_room_hallway,
          layout_vaults_omnibox, serial_shops, shop
Vaults:2: nicolae_vaults_circle_grid_b, nicolae_vaults_variable_pillar_hall,
          grunt_vaults_trifunnel, nicolae_vaults_alarming,
          vaults_dpeg_encased_lava, nicolae_vaults_apartment_1,
          nicolae_vaults_ellipses_ellipsis, v_pattern_2,
          ontoclasm_vaults_ring_large, vaults_dpeg_ring,
          nicolae_vaults_twisting_passages, nicolae_vaults_tetromino_T_2,
          nicolae_vaults_storage_room_glass,
          nicolae_vaults_surprise_closet_hard, layout_vaults_big_cross
Vaults:3: nicolae_vaults_closet_pinwheel_6, vaults_standard_mumra_lines,
          vaults_room_pools, v_misc_15, vaults_room_fancy_cross,
          minmay_crypt_entry_simple_statues, ontoclasm_vaults_spin,
          nicolae_vaults_windows_and_doors_thing, v_misc_12,
          nicolae_vaults_ring_of_whatevers, nicolae_vaults_cornered_office,
          nicolae_vaults_house_2, nicolae_vaults_trapezoid_4,
          ontoclasm_vaults_loading_screen, layout_vaults_maze_snakey
Vaults:4: portal_desolation_entry_nicolae_nacl, nicolae_vaults_steering_wheel,
          nicolae_vaults_circle_grid_a, nicolae_vaults_closet_pinwheel_3,
          nicolae_vaults_shrinking_rooms_1, nicolae_vaults_tangram_2, v_misc_13,
          nicolae_vaults_diamond_2, nicolae_vaults_surprise_closet_hard,
          nicolae_vaults_shelves_hall, layout_vaults_omnigrid, serial_shops,
          shop
Vaults:5: serial_shops
Crypt:1:  layout_rooms, basic_altar, lightli_enter_wizlab_magi_temple
Crypt:2:  hangedman_hall_of_fallen_heroes, layout_gridlike, basic_altar,
          uniq_boris
Crypt:3:  lightli_unholy_cathedral, layout_chaotic_city,
          tomb_entry_sphere_bobbens, grunt_ministairs_11
Depths:1: layout_honeycomb, kennysheep_small_spiral, grunt_mini_vestibule,
          sword_in_stone
Depths:2: dreamdust_experimentation, layout_cave_shapes,
          grunt_hell_entry_dis_grunt, rand_demon_pan_entry_8,
          abyss_entry_small_statue_room, fedhas_altar_3
Depths:3: grunt_runaround [grunt_runaround_loot, grunt_runaround_doors_1,
          grunt_runaround_doors_2, grunt_runaround_doors_3,
          grunt_runaround_doors_4], hell_entry, abyss_entry, uniq_parghit
Depths:4: grunt_zot_entry_hairpin, layout_gridville, hell_entry,
          nicolae_rejected_hall
Zot:1:    layout_concentric_octagons, regret_index_zotdec_demonic_mixed,
          st_small_dragon_hoard_5, uniq_josephina
Zot:2:    layout_concentric_octagons, regret_index_zotdec_banners
Zot:3:    layout_twisted_circle, zot_minivault_7
Zot:4:    layout_gridlike, regret_index_zotdec_serpentine_scales
Zot:5:    layout_gridlike, nicolae_shop_clearance

Skill      XL: |  1  2  3  4  5  6  7  8  9 10 11 12 13 14 15 16 17 18 19 20 21 22 23 24 25 26 27 |
---------------+----------------------------------------------------------------------------------+-----
Axes           | 4 |  4.0
Maces & Flails | 1 3 5 6 8 10 13 16 19 | 19.8
Fighting       | 7 10 11 15 16 19 20 24 27 | 27.0
Armour         | 8 12 13 15 19 20 26 | 26.9
Dodging        | 8 10 | 10.0
Shields        | 12 18 20 23 27 | 27.0
Evocations     | 1 8 |  8.0
Spellcasting   | |  1.1
Fire Magic     | |  3.0

Action                     |  1- 3 |  4- 6 |  7- 9 | 10-12 | 13-15 | 16-18 | 19-21 | 22-24 | 25-27 || total
---------------------------+-------+-------+-------+-------+-------+-------+-------+-------+-------++-------
  Melee: Hand axe          |    39 |       |       |       |       |       |       |       |       ||    39
         Mace              |    40 |   197 |   328 |   441 |       |       |       |       |       ||  1006
         Punch             |       |     5 |     4 |     9 |       |       |       |       |       ||    18
         Giant spiked club |       |       |       |   193 |   579 |   645 |       |       |       ||  1417
         Great mace        |       |       |       |       |       |   146 |  1461 |  1230 |  2120 ||  4957
 Invoke: Foxfire Swarm     |       |       |       |     4 |       |       |       |       |       ||     4
         Fiery Armour      |       |       |       |     2 |       |       |       |       |       ||     2
         Rising Flame      |       |       |       |       |       |       |       |       |     1 ||     1
Ability: Dig               |       |       |     2 |     7 |     5 |     2 |     6 |     1 |    10 ||    33
         Shaft Self        |       |       |       |       |       |     1 |       |     1 |       ||     2
  Evoke: Wand              |       |       |       |     9 |       |       |     9 |    10 |     4 ||    32
         Lightning rod     |       |       |       |     9 |       |     2 |     4 |     6 |     4 ||    25
         Phial of floods   |       |       |       |     1 |       |       |     1 |       |       ||     2
         Condenser vane    |       |       |       |       |       |       |     2 |     3 |     1 ||     6
         Sack of spiders   |       |       |       |       |       |       |     1 |       |       ||     1
    Use: Scroll            |       |     4 |     5 |    14 |    13 |    13 |     1 |     5 |    10 ||    65
         Potion            |       |       |       |     5 |     1 |     5 |       |    11 |     9 ||    31
   Stab: Paralysed         |       |       |       |     1 |       |       |       |       |       ||     1
         Petrified         |       |       |       |       |     3 |       |       |       |       ||     3
         Distracted        |       |       |       |       |     2 |     2 |       |       |       ||     4
         Invisible         |       |       |       |       |       |       |       |     5 |       ||     5
 Armour: Robe              |     7 |       |       |       |       |       |       |       |       ||     7
         Plate armour      |    68 |   214 |   276 |   370 |       |       |       |       |       ||   928
         Crystal plate arm |       |       |       |   236 |   676 |  1234 |   864 |   808 |  1166 ||  4984
  Dodge: Dodged            |    18 |    64 |    65 |   138 |   121 |   352 |   230 |   282 |   389 ||  1659
  Block: Tower shield      |       |       |       |       |       |   214 |  1399 |  1581 |  2286 ||  5480
